 Dungeon Crawl Stone Soup version 0.29-a0-284-gf9362112df (webtiles) character file.

Game seed: 13090972596596841353

33 Inarius the Ducker (level 3, -2/17 HPs)
             Began as a Felid Chaos Knight on Mar 14, 2022.
             Was a Plaything of Xom.
             Slain by a kobold
             ... wielding a +2 dagger of distortion
              (17 damage)
             ... on level 2 of the Dungeon.
             The game lasted 00:01:59 (1547 turns).

Inarius the Ducker (Felid Chaos Knight)             Turns: 1547, Time: 00:01:59

Health: -2/17      AC:  1    Str: 10    XL:     3   Next: 12%
Magic:  4/4        EV: 19    Int: 13    God:    Xom [....*.]
Gold:   59         SH:  0    Dex: 25    Spells: 2/2 levels left
                                        Lives:  0   Deaths: 0

rFire   . . .      SeeInvis +     - Unarmed
rCold   . . .      Faith    .   (shield unavailable)
rNeg    . . .      Spirit   .   (body armour unavailable)
rPois   .          Reflect  .   (helmet unavailable)
rElec   .          Harm     .   (cloak unavailable)
rCorr   .          Rampage  .   (gloves unavailable)
Will    .....                   (boots unavailable)
Stlth   ++........              (no amulet)
HPRegen 0.05/turn               b - +6 ring of dexterity
MPRegen 0.09/turn               (no ring)

@: quick
A: very small, claws 1, fangs 3, see invisible, speed 1, shaggy fur 1, stealthy
paws, no weapons or thrown items, no armour, multi-lived, agile 1, strong 1
a: Renounce Religion


You were on level 2 of the Dungeon.
You worshipped Xom.
You were a beloved toy of Xom.
You visited 1 branch of the dungeon, and saw 2 of its levels.

You collected 59 gold pieces.

Inventory:

Jewellery
 b - a +6 ring of dexterity (left paw)
Scrolls
 d - 2 scrolls of vulnerability {unknown}
 g - a scroll of fog {unknown}
Potions
 c - a potion of haste {unknown}
 e - 2 potions of curing {unknown}
 f - 2 potions of attraction {unknown}
Miscellaneous
 a - a piece from Xom's chessboard (12/15) (quivered)


   Skills:
 + Level 3.3 Fighting
 + Level 3.6 Dodging
 * Level 1.0 Stealth
 + Level 3.4 Unarmed Combat
 + Level 1.0 Evocations


You had 2 spell levels left.
You didn't know any spells.
Your spell library was empty.

Dungeon Overview and Level Annotations

Branches:
Dungeon (2/15)

Altars:


Innate Abilities, Weirdness & Mutations

You have sharp claws.
You have razor-sharp teeth.
You have supernaturally acute eyesight. (SInv)
You cover ground quickly. (Speed+)
You are covered in fur. (AC +1)
Your paws help you pounce on unaware monsters.
You are incapable of wielding weapons or throwing items.
You cannot wear armour.
You gain extra lives every three experience levels.
You are agile. (Dex +2)
Your muscles are strong. (Str +2)


Message History

You scratch the adder.
You kill the adder!
Your Stealth skill increases to level 1!
Your Evocations skill increases to level 1!
You have reached level 3!
Your experience leads to an increase in your attributes!
Your base attributes are Str 8, Int 13, Dex 15.
Increase (S)trength, (I)ntelligence, or (D)exterity?
You feel agile. x2
You scratch the rat.
The rat is moderately wounded.
The rat bites you.
You scratch the rat.
You kill the rat!
You start resting.
HP restored.
There is a stone staircase leading down here.
There is a stone staircase leading up here.
Found a dagger.
Found a scroll labelled IHEITH WECKO.
A frilled lizard comes into view.
The helpless frilled lizard fails to defend itself.
You claw the frilled lizard!
You kill the frilled lizard!
g - a scroll labelled IHEITH WECKO
There is a stone staircase leading up here.
A kobold comes into view.
It is wielding a +2 dagger of distortion.
You see here a +0 dagger.
You make a move on Xom's chessboard...
The kobold shouts!
The kobold struggles to resist.
You make a move on Xom's chessboard...
The kobold struggles to resist.
You make a move on Xom's chessboard...
The kobold flickers and vanishes for a moment.
You scratch the kobold.
The kobold is moderately wounded.
The kobold hits you with a +2 dagger of distortion.
Space warps horribly around you!
Ouch! That really hurt!
You die...

#.#..### ##.....#.# .
#..# #........# #
#..# #........#
###..# ........#
##.#.#######.....#.##
#.###...........#...#
.## ##.#####.#.# ...#
##
##><......##K..#.##
.##
##.#####.#.<@......#
#.###.##
#.#.........# ##.#.##
#...........# ##..#
######...#.##
##.......# ...# ..
#######.# ...# # ##.#
..


You could see a kobold (invisible).

Vanquished Creatures
  An adder (D:2)
  3 bats
  3 endoplasms
  A giant cockroach (D:1)
  3 goblins (D:1)
  A hobgoblin (D:1)
  A quokka (D:1)
  2 ball pythons (D:1)
  3 frilled lizards
  2 kobolds (D:1)
  4 rats
24 creatures vanquished.

Notes
Turn   | Place    | Note
-------+----------+-------------------------------------------
     0 | D:1      | Inarius the Felid Chaos Knight began the quest for the Orb.
     0 | D:1      | Reached XP level 1. HP: 10/10 MP: 2/2
   122 | D:1      | XOM: silly message
   527 | D:1      | Reached XP level 2. HP: 11/14 MP: 3/3
   711 | D:1      | XOM: silly message
   812 | D:1      | Found a faded altar of an unknown god.
   817 | D:1      | XOM: polymorph ball python -> goblin
  1292 | D:1      | XOM: give mutations
  1292 | D:1      | Gained mutation: Your muscles are strong. (Str +2) [Xom's
                  | grace]
  1292 | D:1      | Gained mutation: You are agile. (Dex +2) [Xom's grace]
  1416 | D:2      | Reached skill level 1 in Stealth
  1416 | D:2      | Reached skill level 1 in Evocations
  1416 | D:2      | Reached XP level 3. HP: 15/17 MP: 4/4
  1547 | D:2      | Slain by a kobold

Illustrated notes

Levels and vault maps discovered:
D:1:      ncdulo_watergridlock, layout_basic, ebering_ecumenical_altar_webs,
          st_stairs_4
D:2:      layout_loops_ring

Skill      XL: |  1  2 |
---------------+-------+-----
Stealth        | 1 |  1.0
Evocations     | 1 |  1.0
Fighting       | |  3.3
Dodging        | |  3.6
Unarmed Combat | |  3.4

Action                   || total
-------------------------++-------
Melee: Unarmed           ||    65
       Bite              ||     4
       Punch             ||     3
Evoke: Piece from Xom's  ||     3
 Stab: Sleeping          ||     5
Armor: Skin              ||     1
Dodge: Dodged            ||    47

Table legend: (Time is in decaauts)
 A = Elapsed time spent in this place.
 B = Non-inter-level travel time spent in this place.
 C = Inter-level travel time spent in this place.
 D = Time resting spent in this place.
 E = Time spent auto-exploring this place.
 F = Levels seen in this place.
 G = Mean time per level.
                   A        B        C        D        E       F      G
               +--------+--------+--------+--------+--------+-----+--------+
         Total |   1413 |   1379 |     34 |    705 |    478 |   2 |  706.5 |
       Dungeon |   1413 |   1379 |     34 |    705 |    478 |   2 |  706.5 |
               +--------+--------+--------+--------+--------+-----+--------+

Top non-repeatable levels by time:
     D:1: 1242 daAuts
     D:2: 171 daAuts
